Map: Pylon LE

Players

HeroMarine - Winner!

  • Race: Terran Terran
  • Spawn Location: 11:00

Classic

  • Race: Protoss Protoss
  • Spawn Location: 5:00

VOD

Have the link to the VOD?

Description

Time

  • Played on: Aug. 15, 2025, 7:29 a.m.
  • Length: 12:23
Show
View Real Time Build Order
Export as new Build Order

HeroMarine Terran - Winner!

Build Orders:  

Get SALT Encoding   

  12  0:00  SCV  
  13  0:12  SCV  
  14  0:17  Supply Depot  
  14  0:24  SCV  
  15  0:38  SCV  
  15  0:40  Barracks  
  16  0:43  Refinery  
  16  0:50  SCV  
  16  0:52  Refinery  
  17  1:02  SCV  
  18  1:15  SCV  
  19  1:27  Orbital Command, Reaper  
  20  1:43  Factory  
  20  1:45  Supply Depot  
  20  1:53  SCV  
  21  1:59  Reaper  
  22  2:05  SCV  
  23  2:16  Command Center  
  23  2:21  SCV  
  24  2:27  Hellion  
  26  2:31  Reaper  
  26  2:33  SCV  
  28  2:37  Supply Depot  
  28  2:45  SCV  
  28  2:48  Hellion  
  31  2:56  Starport  
  31  2:58  SCV  
  31  3:04  Barracks Reactor  
  32  3:11  Factory Tech Lab, SCV  
  33  3:23  SCV  
  33  3:24  Barracks  
  34  3:40  SCV  
  34  3:42  Marine x2  
  34  3:44  Orbital Command  
  34  3:47  Factory Tech Lab, Banshee  
  39  3:52  SCV  
  40  4:00  Marine x2  
  42  4:05  Siege Tank, SCV  
  46  4:10  SCV  
  46  4:12  Supply Depot  
  46  4:14  Marine  
  46  4:17  SCV  
  49  4:18  Marine  
  49  4:19  Marine  
  49  4:22  SCV  
  52  4:24  Barracks  
  52  4:29  SCV  
  53  4:34  SCV  
  53  4:36  Marine  
  53  4:37  Marine  
  59  4:39  Supply Depot  
  59  4:41  SCV  
  59  4:45  Siege Tank  
  60  4:47  Refinery, Engineering Bay  
  60  4:48  SCV  
  60  4:50  Stimpack  
  59  4:53  SCV  
  60  5:00  SCV, Marine x2  
  60  5:01  Supply Depot  
  60  5:03  Marauder  
  60  5:05  SCV  
  66  5:12  SCV, Supply Depot  
  67  5:17  SCV, Terran Infantry Weapons Level 1  
  67  5:18  Refinery  
  67  5:19  Marine  
  69  5:22  Marine  
  69  5:23  Combat Shield  
  69  5:24  Marauder  
  69  5:25  SCV  
  69  5:27  Starport Reactor  
  73  5:29  Factory Reactor  
  73  5:31  Marauder  
  73  5:33  SCV  
  76  5:37  SCV  
  76  5:38  Marine  
  76  5:39  Supply Depot  
  78  5:45  SCV  
  78  5:47  Marauder  
  80  5:51  SCV  
  80  5:52  Marauder, Marine  
  80  5:56  Marine  
  85  5:57  SCV  
  85  6:04  Command Center  
  86  6:08  Medivac x2  
  90  6:12  Supply Depot  
  90  6:14  Supply Depot  
  90  6:16  Marauder  
  90  6:17  Marauder  
  94  6:30  Concussive Shells  
  94  6:34  Barracks  
  94  6:36  Barracks, Ghost Academy  
  94  6:39  SCV x2  
  96  6:44  Missile Turret, Medivac  
  96  6:45  Missile Turret, Medivac  
  100  6:51  SCV x2  
  100  6:54  Supply Depot, Marauder  
  104  6:59  Marauder  
  106  7:03  SCV x2  
  106  7:04  Widow Mine  
  110  7:10  Supply Depot  
  110  7:12  Terran Infantry Armor Level 1  
  112  7:17  Medivac x2  
  112  7:19  SCV  
  112  7:20  SCV  
  118  7:25  Ghost, Barracks Reactor, Barracks Tech Lab  
  118  7:26  Widow Mine x2  
  118  7:27  Marine  
  118  7:28  Marine  
  125  7:31  SCV  
  125  7:32  SCV  
  127  7:40  Marauder  
  127  7:41  Supply Depot  
  129  7:46  Orbital Command  
  129  7:48  SCV x2  
  131  7:52  Ghost  
  131  7:57  Marine x2  
  136  8:00  SCV x2  
  136  8:01  Supply Depot  
  138  8:07  Ghost x2  
  138  8:09  Widow Mine  
  138  8:11  Widow Mine, Marine  
  138  8:12  SCV x2  
  147  8:14  Marine  
  147  8:15  Marine  
  147  8:17  Bunker  
  147  8:18  Supply Depot  
  149  8:23  Marauder, Marine  
  149  8:24  SCV  
  149  8:26  SCV  
  148  8:27  SCV  
  148  8:29  Marine  
  148  8:32  Marine  
  148  8:33  Marine  
  124  8:36  Marauder  
  124  8:37  Marauder  
  124  8:41  Marine  
  117  8:44  Marine  
  117  8:47  Marine  
  105  8:50  Marine  
  105  8:51  SCV x2, Marine  
  105  8:52  SCV  
  100  8:57  Marauder, Marine  
  100  8:59  Marine  
  100  9:02  Marine  
  94  9:03  SCV  
  94  9:05  Marine  
  94  9:06  SCV  
  94  9:07  Marine  
  94  9:08  Orbital Command  
  94  9:09  Marine  
  93  9:15  SCV  
  93  9:16  Marauder  
  93  9:17  Marine  
  93  9:18  SCV  
  93  9:19  Marauder  
  93  9:20  Marine  
  93  9:23  Marine  
  99  9:25  Marine  
  99  9:26  Marine  
  99  9:27  SCV  
  99  9:30  SCV  
  95  9:34  Marine  
  95  9:36  SCV  
  95  9:37  Marauder, Marine  
  97  9:39  SCV  
  97  9:40  Marauder  
  97  9:41  Marine  
  97  9:42  SCV, Viking  
  97  9:43  Marine  
  102  9:46  Viking  
  102  9:51  SCV  
  105  9:55  Widow Mine  
  105  9:56  Widow Mine, SCV x2  
  105  9:59  Marauder  
  113  10:00  Barracks Tech Lab, Marine x2  
  113  10:01  Ghost  
  113  10:04  Armory  
  113  10:06  Marine, Bunker  
  119  10:10  Engineering Bay  
  119  10:12  Medivac  
  121  10:16  Medivac  
  121  10:18  Widow Mine x2  
  121  10:19  Ghost  
  121  10:20  Ghost  
  133  10:29  Ghost  
  133  10:30  Supply Depot  
  133  10:32  Supply Depot  
  133  10:34  Marine x4  
  140  10:44  Viking  
  140  10:46  Viking  
  140  10:48  SCV x3  
  140  10:49  Refinery x2  
  147  10:50  Starport  
  147  10:59  Marauder  
  147  11:00  Marauder  
  147  11:04  Marauder  
  153  11:15  Viking  
  153  11:16  Viking  
  157  11:20  Marine  
  157  11:21  Marauder x2  
  157  11:23  Supply Depot  
  157  11:25  Marauder  
  164  11:26  Marine x3  
  164  11:31  Viking  
  164  11:32  Viking  
  166  11:42  Marauder x2  
  166  11:45  Medivac  
  166  11:46  Medivac  
  157  11:55  Marauder  
  157  11:56  Marine  
  157  11:59  Marine x2  
  135  12:03  Marine  
  134  12:16  Command Center  
Show
View Real Time Build Order
Export as new Build Order

Classic Protoss 

Build Orders: 1 Gate Expand, Phoenix Opening, Blink Stalkers, Zealot Archon 

Get SALT Encoding   

  12  0:00  Probe  
  13  0:12  Probe  
  14  0:18  Pylon  
  14  0:24  Probe  
  15  0:32  Probe  
  15  0:37  Gateway  
  15  0:40  Probe  
  16  0:46  Assimilator  
  17  0:51  Probe  
  18  1:03  Probe  
  19  1:15  Probe  
  20  1:24  Cybernetics Core  
  20  1:32  Nexus  
  20  1:40  Pylon  
  20  1:42  Probe  
  21  1:48  Assimilator  
  21  1:50  Adept  
  21  1:55  Probe  
  24  2:01  Warp Gate  
  24  2:07  Probe  
  25  2:12  Shield Battery  
  25  2:17  Shield Battery  
  25  2:20  Sentry  
  27  2:23  Probe  
  28  2:35  Probe  
  29  2:41  Twilight Council  
  29  2:44  Probe  
  29  2:47  Stalker  
  29  2:48  Probe  
  33  2:52  Probe  
  34  2:59  Blink  
  34  3:00  Probe  
  34  3:01  Probe  
  36  3:11  Gateway  
  36  3:12  Probe  
  37  3:13  Probe  
  38  3:25  Probe x2  
  40  3:43  Probe x2  
  40  3:46  Phoenix  
  40  3:47  Robotics Facility  
  40  3:48  Pylon  
  42  3:52  Stalker  
  42  3:55  Probe x2  
  46  3:57  Assimilator  
  46  3:59  Assimilator  
  46  4:07  Probe x2  
  46  4:08  Gateway  
  48  4:13  Pylon, Stalker  
  48  4:15  Stalker  
  52  4:21  Probe x2  
  54  4:27  Gateway  
  54  4:31  Pylon  
  54  4:33  Probe x2  
  54  4:34  Observer  
  57  4:52  Observer  
  58  4:53  Gateway x2  
  58  4:57  Pylon  
  58  5:00  Charge  
  58  5:02  Templar Archives  
  58  5:07  Stalker x2  
  58  5:11  Zealot  
  58  5:13  Pylon  
  64  5:20  Pylon, Psionic Storm  
  64  5:28  Stalker  
  64  5:31  Stalker  
  64  5:33  Stalker  
  68  5:47  Stalker  
  68  5:48  Stalker  
  72  5:56  Zealot x4  
  80  6:00  Pylon  
  80  6:09  Probe x2  
  80  6:11  High Templar  
  84  6:17  Nexus  
  84  6:21  Pylon  
  84  6:23  High Templar  
  86  6:32  High Templar  
  88  6:35  Probe x2  
  88  6:37  Warp Prism  
  88  6:38  Gateway x2  
  90  6:42  High Templar  
  94  6:56  Probe x2  
  94  7:00  Forge  
  96  7:01  Pylon  
  96  7:02  High Templar  
  98  7:10  High Templar  
  98  7:14  Zealot x3  
  106  7:24  Zealot  
  108  7:30  Pylon  
  108  7:32  Probe x3, Pylon  
  108  7:36  Photon Cannon  
  111  7:37  Protoss Ground Weapons Level 1  
  111  7:42  Zealot x4  
  119  7:49  High Templar x2  
  123  7:54  Archon  
  123  7:56  Photon Cannon  
  123  7:58  Zealot x2  
  125  8:04  Zealot x3  
  132  8:06  Zealot, Probe  
  132  8:07  Probe  
  132  8:09  Probe  
  137  8:16  Pylon  
  137  8:21  Probe  
  132  8:31  Zealot x6  
  132  8:32  Archon  
  128  8:34  Zealot  
  128  8:36  Archon  
  128  8:37  Zealot  
  112  8:49  Probe x2  
  112  8:50  Probe  
  112  8:54  Zealot x5  
  117  8:59  Zealot x2  
  117  9:02  Zealot  
  119  9:06  Assimilator  
  119  9:07  Assimilator  
  119  9:09  Probe x3  
  96  9:18  High Templar x4  
  102  9:25  Zealot x3  
  102  9:26  Zealot  
  102  9:28  Protoss Ground Weapons Level 2  
  95  9:32  Immortal  
  95  9:37  Probe x3  
  88  9:47  High Templar x2  
  92  9:55  Robotics Bay  
  92  10:01  Zealot x5  
  102  10:09  Pylon  
  102  10:10  Zealot  
  102  10:11  Observer  
  104  10:20  Robotics Facility  
  105  10:22  Nexus  
  105  10:24  Pylon  
  105  10:25  Observer  
  105  10:26  Colossus  
  105  10:31  Sentry  
  108  10:39  Sentry  
  108  10:42  Extended Thermal Lance  
  115  10:50  Zealot x5  
  115  10:52  Zealot, Colossus  
  115  10:53  Observer  
  127  11:10  Observer  
  132  11:16  Colossus  
  132  11:18  Zealot x4  
  142  11:44  Stalker x6  
  142  11:45  Stalker x2  
  109  12:08  Zealot x7  
Tags
 
Add a new tag
Caveats
  • Supply blocks, unpowered buildings, or Contaminate may cause inaccurate times.
  • Supply counts are checked every 10 seconds.